NWL (28 & UNDER)
BISMARK BORDER GUARDS @ RIVERSIDE RED BULLS
07/23/2029
 
TOP OF THE 1ST
Bismark Border Guards batting - Pitching for Riverside Red Bulls : RHP Máximo Salazar
Pitching: RHP Máximo Salazar
Batting: LHB Juan Viera 0-0: Called Strike
0-1: Ball
1-1: Ball
2-1: SOLO HOME RUN (Flyball, 9LD), Distance : 383 ft
Batting: LHB Will Hill 0-0: Hit by Pitch
Batting: RHB Jackson Gibson 0-0: Ball
Wild Pitch!
Will Hill to second
1-0: Ball
2-0: Ball
3-0: Called Strike
3-1: Base on Balls
Batting: LHB Alan Moore 0-0: Grounds into double play, 3-6-3 (Groundball, 3)
Will Hill to third
Batting: RHB Vincent Braun 0-0: Called Strike
0-1: Ball
1-1: Called Strike
1-2: Foul Ball, location: 2F
1-2: Ball
2-2: Ball
3-2: Ground out 6-3 (Groundball, 6M)
Top of the 1st over - 1 run, 1 hit, 0 errors, 1 left on base; Bismark 1 - Riverside 0
BOTTOM OF THE 1ST
Riverside Red Bulls batting - Pitching for Bismark Border Guards : RHP Adrián Sandoval
Pitching: RHP Adrián Sandoval
Batting: SHB Carlos Ramírez 0-0: Ball
1-0: Ball
2-0: DOUBLE (Line Drive, 5D)
Batting: SHB Ángel Estrada 0-0: Called Strike
0-1: Ball
1-1: Called Strike
1-2: Foul Ball, location: 2F
1-2: Strikes out swinging
Batting: RHB Gilberto Tovar 0-0: SINGLE (Groundball, 6MD)
Carlos Ramírez to third
Runner from 3rd tries for Home, SAFE, no throw
Batting: RHB Luis Bustamante 0-0: Ball
Wild Pitch!
Gilberto Tovar to second
1-0: Ball
2-0: Called Strike
2-1: Ground out 6-3 (Groundball, 6)
Batting: RHB Bobby Miller 0-0: Ball
1-0: Called Strike
1-1: Foul Ball, location: 2F
1-2: Foul Ball, location: 2F
1-2: Ball
2-2: Ground out 6-3 (Groundball, 6)
Bottom of the 1st over - 1 run, 2 hits, 0 errors, 1 left on base; Bismark 1 - Riverside 1
TOP OF THE 2ND
Bismark Border Guards batting - Pitching for Riverside Red Bulls : RHP Máximo Salazar
Batting: RHB Danny Spode 0-0: Called Strike
0-1: Ball
1-1: Called Strike
1-2: SINGLE (Line Drive, 56)
Batting: RHB Sergio Solíz 0-0: Grounds into double play, 6-4-3 (Groundball, 6)
Batting: LHB Kelsey Scott 0-0: Called Strike
0-1: Swinging Strike
0-2: Foul Ball, location: 2F
0-2: Ball
1-2: Strikes out looking
Top of the 2nd over - 0 runs, 1 hit, 0 errors, 0 left on base; Bismark 1 - Riverside 1
BOTTOM OF THE 2ND
Riverside Red Bulls batting - Pitching for Bismark Border Guards : RHP Adrián Sandoval
Batting: RHB Zack Flint 0-0: Ball
1-0: Swinging Strike
1-1: Ball
2-1: Called Strike
2-2: Strikes out swinging
Batting: RHB Robert Stevens 0-0: Foul Ball, location: 2F
0-1: Swinging Strike
0-2: SINGLE (Groundball, 56D)
Batting: RHB Pete Woods 0-0: Ball
1-0: Ball
2-0: Ball
3-0: Base on Balls
Robert Stevens to second
Batting: RHB Lakota O'Reilly 0-0: Called Strike
0-1: Ball
1-1: Ball
2-1: Foul Ball, location: 2F
2-2: Strikes out swinging
Batting: SHB Carlos Ramírez 0-0: Ball
1-0: Ball
2-0: Ball
3-0: Base on Balls
Robert Stevens to third
Pete Woods to second
Batting: SHB Ángel Estrada 0-0: Swinging Strike
0-1: Ball
1-1: Foul Ball, location: 2F
1-2: Fly out, F9 (Flyball, 9S)
Bottom of the 2nd over - 0 runs, 1 hit, 0 errors, 3 left on base; Bismark 1 - Riverside 1
TOP OF THE 3RD
Bismark Border Guards batting - Pitching for Riverside Red Bulls : RHP Máximo Salazar
Batting: RHB Rodrigo García 0-0: Ball
1-0: Foul Ball, location: 2F
1-1: Swinging Strike
1-2: Ball
2-2: Ball
3-2: Base on Balls
Batting: LHB Juan Viera 0-0: Fielders Choice at 2nd, 3-6 (Groundball, 34)
Batting: LHB Will Hill 0-0: Called Strike
0-1: Foul Ball, location: 2F
0-2: Ball
1-2: Ball
2-2: SINGLE (Groundball, 4MD)
Juan Viera to second
Runner from 2nd tries for 3rd, OUT!
Will Hill to second
Batting: RHB Jackson Gibson 0-0: Ball
1-0: Swinging Strike
1-1: Foul Ball, location: 2F
1-2: Foul Ball, location: 2F
1-2: Fly out, F8 (Flyball, 8LD)
Top of the 3rd over - 0 runs, 1 hit, 0 errors, 1 left on base; Bismark 1 - Riverside 1
BOTTOM OF THE 3RD
Riverside Red Bulls batting - Pitching for Bismark Border Guards : RHP Adrián Sandoval
Batting: RHB Gilberto Tovar 0-0: Ball
1-0: Ball
2-0: Ball
3-0: Foul Ball, location: 2F
3-1: Called Strike
3-2: Fly out, F1 (Popup, P)
Batting: RHB Luis Bustamante 0-0: Fly out, F7 (Flyball, 7S)
Batting: RHB Bobby Miller 0-0: Ball
1-0: Ball
2-0: Swinging Strike
2-1: Swinging Strike
2-2: Ground out 5-3 (Groundball, 56S)
Bottom of the 3rd over - 0 runs, 0 hits, 0 errors, 0 left on base; Bismark 1 - Riverside 1
TOP OF THE 4TH
Bismark Border Guards batting - Pitching for Riverside Red Bulls : RHP Máximo Salazar
Batting: LHB Alan Moore 0-0: SOLO HOME RUN (Flyball, 9LD), Distance : 380 ft
Batting: RHB Vincent Braun 0-0: SOLO HOME RUN (Flyball, 78XD), Distance : 402 ft
Batting: RHB Danny Spode 0-0: Foul Ball, location: 2F
0-1: Ball
1-1: Swinging Strike
1-2: SOLO HOME RUN (Flyball, 7D), Distance : 402 ft
Batting: RHB Sergio Solíz 0-0: Ball
1-0: Called Strike
1-1: Ground out 5-3 (Groundball, 56)
Batting: LHB Kelsey Scott 0-0: Ball
1-0: Ball
2-0: Swinging Strike
2-1: Ball
3-1: Base on Balls
Batting: RHB Rodrigo García 0-0: Foul Ball, location: 2F
0-1: Swinging Strike
0-2: Grounds into double play, 5-4-3 (Groundball, 56)
Top of the 4th over - 3 runs, 3 hits, 0 errors, 0 left on base; Bismark 4 - Riverside 1
BOTTOM OF THE 4TH
Riverside Red Bulls batting - Pitching for Bismark Border Guards : RHP Adrián Sandoval
Batting: RHB Zack Flint 0-0: Ball
1-0: Called Strike
1-1: Ball
2-1: Foul Ball, location: 2F
2-2: SINGLE (Groundball, 4MD)
Batting: RHB Robert Stevens 0-0: Ball
1-0: Grounds into double play, 6-4-3 (Groundball, 6)
Batting: RHB Pete Woods 0-0: Called Strike
0-1: Ball
1-1: Swinging Strike
1-2: Ball
2-2: Strikes out swinging
Bottom of the 4th over - 0 runs, 1 hit, 0 errors, 0 left on base; Bismark 4 - Riverside 1
TOP OF THE 5TH
Bismark Border Guards batting - Pitching for Riverside Red Bulls : RHP Máximo Salazar
Batting: LHB Juan Viera 0-0: Swinging Strike
0-1: Ball
1-1: Ball
2-1: Ground out 3-1 (Groundball, 34)
Batting: LHB Will Hill 0-0: Ball
1-0: SINGLE (Groundball, 56D)
Batting: RHB Jackson Gibson 0-0: Ball
1-0: Ball
2-0: Foul Ball, location: 2F
2-1: Ball
3-1: SINGLE (Flyball, 9S)
Will Hill to second
Runner from 2nd tries for 3rd, SAFE, no throw
Batting: LHB Alan Moore 0-0: Ball
Wild Pitch!
Will Hill scores
Jackson Gibson to second
1-0: Ball
2-0: Ground out 4-3 (Groundball, 4)
Jackson Gibson to third
Batting: RHB Vincent Braun 0-0: SINGLE (Flyball, 89M)
Jackson Gibson scores
Batting: RHB Danny Spode 0-0: Ball
1-0: Fielders Choice at 2nd, 6-4 (Groundball, 6)
Top of the 5th over - 2 runs, 3 hits, 0 errors, 1 left on base; Bismark 6 - Riverside 1
BOTTOM OF THE 5TH
Riverside Red Bulls batting - Pitching for Bismark Border Guards : RHP Adrián Sandoval
Batting: RHB Lakota O'Reilly 0-0: Swinging Strike
0-1: Ball
1-1: Ball
2-1: Swinging Strike
2-2: Ball
3-2: Strikes out looking
Batting: SHB Carlos Ramírez 0-0: Fly out, F4 (Popup, 23)
Batting: SHB Ángel Estrada 0-0: Called Strike
0-1: Swinging Strike
0-2: Ball
1-2: Foul Ball, location: 2F
1-2: Ground out 3-1 (Groundball, 34S)
Bottom of the 5th over - 0 runs, 0 hits, 0 errors, 0 left on base; Bismark 6 - Riverside 1
TOP OF THE 6TH
Bismark Border Guards batting - Pitching for Riverside Red Bulls : RHP Máximo Salazar
Pitching: LHP Monty Williams
Batting: RHB Sergio Solíz 0-0: Foul Ball, location: 2F
0-1: Called Strike
0-2: Strikes out looking
Batting: LHB Kelsey Scott 0-0: Foul Ball, location: 2F
0-1: Fly out, F9 (Line Drive, 9D)
Pitching: LHP Pepe Gómez
Batting: RHB Rodrigo García 0-0: Hit by Pitch
Batting: LHB Juan Viera 0-0: Ball
1-0: Called Strike
1-1: Ball
2-1: Ball
3-1: Called Strike
3-2: Base on Balls
Rodrigo García to second
Batting: LHB Will Hill 0-0: Foul Ball, location: 2F
0-1: SINGLE (Flyball, 8LS)
Rodrigo García to third
Juan Viera to second
Throwing error, E8
Rodrigo García scores
Juan Viera to third
Will Hill to second
Batting: RHB Jackson Gibson 0-0: Foul Ball, location: 2F
0-1: Ball
1-1: Ball
2-1: Swinging Strike
2-2: Strikes out looking
Top of the 6th over - 1 run, 1 hit, 1 error, 2 left on base; Bismark 7 - Riverside 1
BOTTOM OF THE 6TH
Riverside Red Bulls batting - Pitching for Bismark Border Guards : RHP Adrián Sandoval
Batting: RHB Gilberto Tovar 0-0: Called Strike
0-1: Called Strike
0-2: Foul Ball, location: 2F
0-2: Ball
1-2: Strikes out swinging
Batting: RHB Luis Bustamante 0-0: SINGLE (Line Drive, 56D)
Batting: RHB Bobby Miller 0-0: Ball
1-0: Ball
2-0: 2-RUN HOME RUN (Line Drive, 7LD), Distance : 391 ft
Batting: RHB Zack Flint 0-0: Called Strike
0-1: Swinging Strike
0-2: Ball
1-2: Strikes out swinging
Batting: RHB Robert Stevens 0-0: Ball
1-0: Ball
2-0: Foul Ball, location: 2F
2-1: Ball
3-1: Base on Balls
Batting: RHB Pete Woods 0-0: Ball
1-0: Ball
2-0: Called Strike
2-1: Foul Ball, location: 2F
2-2: Ball
3-2: Fly out, F3 (Popup, 23F)
Bottom of the 6th over - 2 runs, 2 hits, 0 errors, 1 left on base; Bismark 7 - Riverside 3
TOP OF THE 7TH
Bismark Border Guards batting - Pitching for Riverside Red Bulls : LHP Pepe Gómez
Batting: LHB Alan Moore 0-0: Foul Ball, location: 2F
0-1: Ball
1-1: Called Strike
1-2: Fly out, F4 (Line Drive, 4)
Batting: RHB Vincent Braun 0-0: Called Strike
0-1: Foul Ball, location: 2F
0-2: Ball
1-2: SINGLE (Groundball, 56D)
Batting: RHB Danny Spode 0-0: Ball
1-0: Swinging Strike
1-1: Fly out, F8 (Line Drive, 8LM)
Batting: RHB Sergio Solíz 0-0: Called Strike
0-1: Fly out, F7 (Flyball, 78M)
Top of the 7th over - 0 runs, 1 hit, 0 errors, 1 left on base; Bismark 7 - Riverside 3
BOTTOM OF THE 7TH
Riverside Red Bulls batting - Pitching for Bismark Border Guards : RHP Adrián Sandoval
Pitching: RHP Nick Clark
Batting: RHB Lakota O'Reilly 0-0: Ball
1-0: DOUBLE (Line Drive, 8RD)
Batting: SHB Carlos Ramírez 0-0: Swinging Strike
0-1: Fly out, F6 (Line Drive, 6)
Batting: SHB Ángel Estrada 0-0: Ball
1-0: Foul Ball, location: 2F
1-1: Foul Ball, location: 2F
1-2: SINGLE (Groundball, 34S) (infield hit)
Lakota O'Reilly to third
Batting: RHB Gilberto Tovar 0-0: Fly out, F5 (Line Drive, 5)
Batting: RHB Luis Bustamante 0-0: Swinging Strike
0-1: Ball
1-1: Fly out, F9 (Flyball, 9LDF)
Bottom of the 7th over - 0 runs, 2 hits, 0 errors, 2 left on base; Bismark 7 - Riverside 3
TOP OF THE 8TH
Bismark Border Guards batting - Pitching for Riverside Red Bulls : LHP Pepe Gómez
Batting: LHB Kelsey Scott 0-0: Ball
1-0: Ball
2-0: Foul Ball, location: 2F
2-1: Foul Ball, location: 2F
2-2: Fly out, F8 (Flyball, 8RD)
Batting: RHB Rodrigo García 0-0: Ball
1-0: Ball
2-0: Foul Ball, location: 2F
2-1: Fly out, F8 (Line Drive, 89D)
Batting: LHB Juan Viera 0-0: Called Strike
0-1: Ground out 4-3 (Groundball, 34)
Top of the 8th over - 0 runs, 0 hits, 0 errors, 0 left on base; Bismark 7 - Riverside 3
BOTTOM OF THE 8TH
Riverside Red Bulls batting - Pitching for Bismark Border Guards : RHP Nick Clark
Batting: RHB Bobby Miller 0-0: Foul Ball, location: 2F
0-1: Foul Ball, location: 2F
0-2: Ball
1-2: Ball
2-2: Ground out 6-3 (Groundball, 6S)
Batting: RHB Zack Flint 0-0: Called Strike
0-1: Ball
1-1: Ball
2-1: Foul Ball, location: 2F
2-2: SINGLE (Groundball, 6MD)
Batting: RHB Robert Stevens 0-0: Ball
1-0: Fly out, F9 (Flyball, 89S)
Batting: RHB Pete Woods 0-0: Ball
1-0: Ball
2-0: Ball
3-0: Foul Ball, location: 2F
3-1: DOUBLE (Flyball, 8RXD)
Zack Flint to third
Runner from 3rd tries for Home, SAFE, no throw
Batting: RHB Lakota O'Reilly 0-0: Ball
1-0: Foul Ball, location: 2F
1-1: Ball
2-1: Called Strike
2-2: Strikes out swinging
Bottom of the 8th over - 1 run, 2 hits, 0 errors, 1 left on base; Bismark 7 - Riverside 4
TOP OF THE 9TH
Bismark Border Guards batting - Pitching for Riverside Red Bulls : LHP Pepe Gómez
Batting: LHB Will Hill 0-0: Ball
1-0: Ball
2-0: Ball
3-0: Called Strike
3-1: Base on Balls
Pitching: RHP Juan Herrera
Batting: RHB Jackson Gibson 0-0: Foul Ball, location: 2F
0-1: Called Strike
0-2: Strikes out swinging
Pitching: LHP Mitch Bennett
Batting: LHB Alan Moore 0-0: Foul Ball, location: 2F
0-1: Ball
1-1: Ball
2-1: Swinging Strike
2-2: Ball
3-2: Base on Balls
Will Hill to second
Pitching: RHP Shawn Montoya
Batting: RHB Vincent Braun 0-0: Ball
1-0: Fly out, F3 (Popup, 3S)
Batting: RHB Danny Spode 0-0: Called Strike
0-1: Called Strike
0-2: Foul Ball, location: 2F
0-2: Foul Ball, location: 2F
0-2: Ball
1-2: Fly out, F3 (Popup, 3S)
Top of the 9th over - 0 runs, 0 hits, 0 errors, 2 left on base; Bismark 7 - Riverside 4
BOTTOM OF THE 9TH
Riverside Red Bulls batting - Pitching for Bismark Border Guards : RHP Nick Clark
Pitching: RHP Tony Baltazar
Now at 3B: José Vidal
Now in LF: Oliver Sánchez
Batting: SHB Carlos Ramírez 0-0: Called Strike
0-1: Ball
1-1: Ground out 6-3 (Groundball, 6)
Batting: SHB Ángel Estrada 0-0: Called Strike
0-1: Ball
1-1: Called Strike
1-2: Ground out 4-3 (Groundball, 4M)
Batting: RHB Gilberto Tovar 0-0: Called Strike
0-1: Ground out 6-3 (Groundball, 56)
Bottom of the 9th over - 0 runs, 0 hits, 0 errors, 0 left on base; Bismark 7 - Riverside 4
Saturday, December 16th, 2017 - OOTP Baseball 18.8 Build 76